[Event "1.FrauenBL 2018-19"]
[Site "Berlin"]
[Date "2019.03.01"]
[Round "9"]
[White "Rapport, Jovana"]
[Black "Jelica, Mara"]
[Result "1/2-1/2"]
[ECO "D35"]
[WhiteElo "2388"]
[BlackElo "2147"]
[Annotator "NA"]
[PlyCount "95"]
[EventDate "2018.10.27"]
[EventType "team-tourn"]
[EventCountry "GER"]
[SourceTitle "playchess.com"]
[Source "ChessBase"]
[SourceQuality "1"]
[WhiteTeam "SK Schwaebisch Hall"]
[BlackTeam "SF Deizisau"]
[TimeControl "40/5400+30:1800+30"]

1. d4 d5 2. Nf3 Nf6 3. c4 e6 4. cxd5 exd5 5. Nc3 c6 6. Bg5 h6 7. Bh4 Be7 8. e3 O-O 9. Bd3 Be6 10. O-O Nbd7 11. Rc1 Ne4 12. Bxe7 Qxe7 13. Ne5 Nxc3 14. Rxc3 Nxe5 15. dxe5 f6 16. Qh5 fxe5 17. Qxe5 Qf6 18. Qg3 Bf5 19. Be2 Rae8 20. Rd1 Be4 21. Rd4 Re5 22. f3 Bb1 23. Rf4 Qe7 24. Rxf8+ Kxf8 25. Qf4+ Kg8 26. a3 Bg6 27. b4 Kh7 28. g4 Re6 29. Kg2 b6 30. Kg3 Qd6 31. Bd1 Kg8 32. Bb3 Bf7 33. h4 Kf8 34. Qxd6+ Rxd6 35. Ba4 Be8 36. g5 hxg5 37. hxg5 Ke7 38. f4 Re6 39. Bb3 Kd6 40. Rd3 Bg6 41. Rc3 Bf5 42. Kf2 c5 43. Rc1 Re8 44. Rd1 Be4 45. Kg3 Ke6 46. Rc1 Kd6 47. Rd1 Ke6 48. Rc1 1/2-1/2

[Event "1.FrauenBL 2018-19"]
[Site "Berlin"]
[Date "2019.03.01"]
[Round "9"]
[White "Majdan, Joanna"]
[Black "Santeramo, Alessia"]
[Result "1-0"]
[ECO "C64"]
[WhiteElo "2387"]
[BlackElo "2060"]
[Annotator "NA"]
[PlyCount "103"]
[EventDate "2018.10.27"]
[EventType "team-tourn"]
[EventCountry "GER"]
[SourceTitle "playchess.com"]
[Source "ChessBase"]
[SourceQuality "1"]
[WhiteTeam "Rodewischer SM"]
[BlackTeam "FC Bayern Muenchen"]
[TimeControl "40/5400+30:1800+30"]

1. e4 e5 2. Nf3 Nc6 3. Bb5 Bc5 4. O-O Nd4 5. Nxd4 Bxd4 6. c3 Bb6 7. d4 c6 8. Ba4 d6 9. Qd3 Nf6 10. Bg5 h6 11. Bh4 O-O 12. Nd2 Re8 13. Rae1 g5 14. Bg3 Nh5 15. Nc4 Bc7 16. Bc2 Nf4 17. Bxf4 gxf4 18. a4 a6 19. b4 b5 20. Nd2 Qg5 21. Ra1 Kh8 22. Kh1 Rg8 23. Rg1 Bg4 24. Bb3 Qh5 25. f3 Be6 26. axb5 Bxb3 27. Nxb3 axb5 28. Na5 Rg5 29. Rgd1 Qg6 30. Qf1 c5 31. dxe5 dxe5 32. Nb7 Rg8 33. Ra2 c4 34. Rad2 Qc6 35. Nc5 R5g6 36. Qf2 Bb6 37. Rd5 Qa8 38. Rxe5 Rxg2 39. Qh4 R2g6 40. Rh5 Kh7 41. Qf2 Rg5 42. Rh4 Rd8 43. Re1 Qa3 44. Rxf4 Qxc3 45. Rxf7+ Kg8 46. Rf5 Rd2 47. Rxg5+ hxg5 48. Qg3 Kf7 49. e5 Bxc5 50. e6+ Ke8 51. bxc5 Rd5 52. e7 1-0

[Event "1.FrauenBL 2018-19"]
[Site "Berlin"]
[Date "2019.03.01"]
[Round "9.1"]
[White "Kosteniuk, Alexandra"]
[Black "Georgescu, Lena"]
[Result "1-0"]
[ECO "C60"]
[WhiteElo "2545"]
[BlackElo "2185"]
[Annotator "RC"]
[PlyCount "77"]
[EventDate "2018.10.27"]
[EventType "team-tourn"]
[EventCountry "GER"]
[SourceTitle "playchess.com"]
[Source "ChessBase"]
[SourceQuality "1"]
[WhiteTeam "OSG Baden-Baden"]
[BlackTeam "Karlsruher SF"]
[TimeControl "40/5400+30:1800+30"]

1. e4 e5 2. Nf3 Nc6 3. Bb5 g6 4. d4 exd4 5. Bg5 Be7 6. Bxe7 Qxe7 7. Bxc6 dxc6 8. Qxd4 Nf6 9. Nc3 Bg4 10. Nd2 c5 11. Qe3 O-O-O 12. h3 Bd7 13. O-O-O Bc6 14. f3 Nd5 15. Nxd5 Rxd5 16. Qc3 Rdd8 17. h4 h5 18. Nc4 b6 19. Qe5 Qxe5 20. Nxe5 Be8 21. b3 f6 22. Rxd8+ Kxd8 23. Nd3 Ke7 24. Kd2 Bf7 25. c4 Rd8 26. Ke3 a5 27. a4 c6 28. g4 hxg4 29. fxg4 b5 30. Nxc5 bxc4 31. bxc4 Bxc4 32. Rb1 Be6 33. Rb7+ Kd6 34. Kd4 Rh8 35. g5 Rxh4 36. gxf6 Rf4 37. f7 g5 38. f8=Q+ Rxf8 39. e5# {[%emt 0:00:00] --- [%clk ] Ke4+ [%clk ]} 1-0

[Event "1.FrauenBL 2018-19"]
[Site "Berlin"]
[Date "2019.03.01"]
[Round "9.1"]
[White "Melamed, Tatjana"]
[Black "Bluhm, Sonja Maria"]
[Result "1-0"]
[ECO "C95"]
[WhiteElo "2359"]
[BlackElo "2222"]
[Annotator "NA"]
[PlyCount "95"]
[EventDate "2018.10.27"]
[EventType "team-tourn"]
[EventCountry "GER"]
[SourceTitle "playchess.com"]
[Source "ChessBase"]
[SourceQuality "1"]
[WhiteTeam "Bad Koenigshofen"]
[BlackTeam "Hofheim"]
[TimeControl "40/5400+30:1800+30"]

1. e4 e5 2. Nf3 Nc6 3. Bb5 a6 4. Ba4 Nf6 5. O-O Be7 6. Re1 b5 7. Bb3 d6 8. c3 O-O 9. h3 Nb8 10. d4 Nbd7 11. c4 c6 12. Nc3 Qc7 13. a3 exd4 14. Nxd4 Ne5 15. cxb5 axb5 16. Bg5 h6 17. Bh4 b4 18. axb4 Rxa1 19. Qxa1 Nd3 20. Re3 Nxb4 21. Qa4 Qb6 22. Nf5 Bxf5 23. exf5 Bd8 24. Bg3 Bc7 25. Re7 Nh5 26. Rxc7 Qxc7 27. Qxb4 Nxg3 28. Qg4 Nxf5 29. Qxf5 d5 30. Bc2 g6 31. Qg4 Re8 32. g3 h5 33. Qa4 Re6 34. Bd3 Qe5 35. Kg2 Kg7 36. Qb4 Re8 37. Qc5 Re6 38. h4 Qe1 39. Qd4+ Kh7 40. b4 Qe5 41. Ne2 Qd6 42. Nf4 Re5 43. Qb6 d4 44. b5 Rc5 45. Qa7 Kg8 46. b6 Re5 47. Bc4 Re7 48. b7 1-0

[Event "1.FrauenBL 2018-19"]
[Site "Berlin"]
[Date "2019.03.01"]
[Round "9.1"]
[White "Schenk, Stefanie"]
[Black "Movsesian, Julia"]
[Result "1/2-1/2"]
[ECO "A08"]
[WhiteElo "2057"]
[BlackElo "2302"]
[Annotator "NA"]
[PlyCount "82"]
[EventDate "2018.10.27"]
[EventType "team-tourn"]
[EventCountry "GER"]
[SourceTitle "playchess.com"]
[Source "ChessBase"]
[SourceQuality "1"]
[WhiteTeam "FC Bayern Muenchen"]
[BlackTeam "Rodewischer SM"]
[TimeControl "40/5400+30:1800+30"]

1. Nf3 d5 2. g3 g6 3. Bg2 Bg7 4. O-O Nf6 5. d3 c5 6. Nbd2 Nc6 7. e4 O-O 8. c3 e6 9. Re1 a5 10. a4 b6 11. e5 Ng4 12. d4 cxd4 13. cxd4 f6 14. h3 Nh6 15. Nf1 Nf7 16. exf6 Qxf6 17. Be3 Nd6 18. N1h2 Nf5 19. Ng4 Qf7 20. Rc1 Bd7 21. Qd2 Rac8 22. b3 Kh8 23. Nge5 Nxe5 24. Nxe5 Bxe5 25. dxe5 Nxe3 26. Qxe3 b5 27. Rxc8 Rxc8 28. Qa7 bxa4 29. bxa4 Qe8 30. Qxa5 Bxa4 31. h4 Bd7 32. Qd2 Qf8 33. Rc1 Rxc1+ 34. Qxc1 Kg8 35. h5 Qf5 36. Qc7 Qf7 37. hxg6 hxg6 38. Qd8+ Qe8 39. Qf6 Qf7 40. Qd8+ Qe8 41. Qf6 Qf7 1/2-1/2

[Event "1.FrauenBL 2018-19"]
[Site "Berlin"]
[Date "2019.03.01"]
[Round "9.2"]
[White "Muetsch, Annmarie"]
[Black "Stefanova, Antoaneta"]
[Result "0-1"]
[ECO "B15"]
[WhiteElo "2249"]
[BlackElo "2493"]
[Annotator "ChessBase"]
[PlyCount "76"]
[EventDate "2018.10.27"]
[EventType "team-tourn"]
[EventCountry "GER"]
[SourceTitle "playchess.com"]
[Source "ChessBase"]
[SourceQuality "1"]
[WhiteTeam "Karlsruher SF"]
[BlackTeam "OSG Baden-Baden"]
[TimeControl "40/5400+30:1800+30"]

1. e4 c6 2. d4 d5 3. Nd2 dxe4 4. Nxe4 Nf6 5. Nxf6+ exf6 6. c3 Bd6 7. Bd3 O-O 8. Qc2 Re8+ 9. Ne2 h5 10. Be3 Nd7 11. O-O-O Nf8 12. Kb1 Be6 13. Ng3 g6 14. Ne4 Be7 15. Rhe1 f5 16. Nc5 Bc8 17. Bc4 b5 18. Bd3 Ne6 19. Nb3 a5 20. f3 a4 21. Nc1 b4 22. Bc4 Rb8 23. Nd3 bxc3 24. Qxc3 Bd6 25. g3 Qf6 26. Qc2 a3 27. b3 Ra8 28. Qc1 Ba6 29. Ne5 Bxc4 30. Nxc4 Bb4 31. Rf1 Red8 32. Ne5 c5 33. Nc6 cxd4 34. Nxd8 dxe3 35. Nxe6 Qxe6 36. Rfe1 e2 37. Rd4 Bxe1 38. Qxe1 Qe3 0-1

[Event "1.FrauenBL 2018-19"]
[Site "Berlin"]
[Date "2019.03.01"]
[Round "9.2"]
[White "Warakomska, Anna"]
[Black "Vidonyak, Nellya"]
[Result "0-1"]
[ECO "C41"]
[WhiteElo "2214"]
[BlackElo "2111"]
[Annotator "NA"]
[PlyCount "148"]
[EventDate "2018.10.27"]
[EventType "team-tourn"]
[EventCountry "GER"]
[SourceTitle "playchess.com"]
[Source "ChessBase"]
[SourceQuality "1"]
[WhiteTeam "Rodewischer SM"]
[BlackTeam "FC Bayern Muenchen"]
[TimeControl "40/5400+30:1800+30"]

1. e4 d6 2. d4 Nf6 3. Nc3 e5 4. Nf3 Nbd7 5. Bc4 Be7 6. a4 O-O 7. O-O c6 8. h3 b6 9. Qe2 Bb7 10. Rd1 Qc7 11. Ba2 a6 12. Be3 b5 13. axb5 axb5 14. b4 Rac8 15. Bb3 Qb8 16. d5 cxd5 17. Nxd5 Bxd5 18. Bxd5 Nb6 19. Bxb6 Qxb6 20. Ra5 Rb8 21. Rda1 Nxd5 22. exd5 Rfc8 23. Ra6 Qd8 24. R1a5 Qe8 25. Ra3 f5 26. Ra7 Bf6 27. Qd2 f4 28. Ne1 Rc4 29. R3a6 Rd4 30. Qe2 Rd8 31. Rc7 e4 32. c3 Rxd5 33. c4 Rd4 34. cxb5 Rxb4 35. b6 Rb8 36. Nc2 f3 37. Qe3 Rb1+ 38. Kh2 fxg2 39. Kxg2 Qg6+ 40. Qg3 Qxg3+ 41. Kxg3 Be5+ 42. f4 exf3+ 43. Kxf3 R1xb6 44. Rxb6 Rxb6 45. Ke4 Rb3 46. Ne3 d5+ 47. Kxe5 Rxe3+ 48. Kxd5 Rxh3 49. Ke4 Rh4+ 50. Kf5 Rh5+ 51. Kg4 Re5 52. Ra7 Kf8 53. Rb7 Re7 54. Rb6 Kf7 55. Ra6 Re6 56. Ra5 Rb6 57. Rc5 Kf6 58. Rf5+ Ke6 59. Ra5 Rb4+ 60. Kg5 Rd4 61. Ra6+ Rd6 62. Ra7 Rd5+ 63. Kh4 Kf6 64. Rb7 Rd4+ 65. Kg3 h5 66. Rb6+ Kg5 67. Rb5+ Kh6 68. Ra5 h4+ 69. Kh3 g5 70. Ra8 Rd3+ 71. Kg4 Rg3+ 72. Kf5 h3 73. Rb8 g4 74. Ra8 Rg2 0-1

[Event "1.FrauenBL 2018-19"]
[Site "Berlin"]
[Date "2019.03.01"]
[Round "9.2"]
[White "Roessler, Ulrike"]
[Black "Savina, Anastasia"]
[Result "1/2-1/2"]
[ECO "C24"]
[WhiteElo "2126"]
[BlackElo "2350"]
[Annotator "NA"]
[PlyCount "86"]
[EventDate "2018.10.27"]
[EventType "team-tourn"]
[EventCountry "GER"]
[SourceTitle "playchess.com"]
[Source "ChessBase"]
[SourceQuality "1"]
[WhiteTeam "Hofheim"]
[BlackTeam "Bad Koenigshofen"]
[TimeControl "40/5400+30:1800+30"]

1. e4 e5 2. Bc4 Nf6 3. d3 c6 4. Nf3 d5 5. Bb3 a5 6. a4 Bb4+ 7. c3 Bd6 8. Nbd2 O-O 9. O-O Nbd7 10. Re1 dxe4 11. Nxe4 Nxe4 12. dxe4 Nc5 13. Bg5 Qc7 14. Bc4 Bg4 15. h3 Bh5 16. Qd2 Bg6 17. Qc2 Be7 18. b4 Bxg5 19. Nxg5 Qe7 20. bxc5 Qxg5 21. Rab1 Qe7 22. Qe2 Qxc5 23. Rxb7 Rab8 24. Reb1 Rxb7 25. Rxb7 Qa3 26. Qc2 h5 27. Kh2 Rd8 28. f3 Qd6 29. Qb3 Qf6 30. Rb8 Qf4+ 31. Kh1 Qc1+ 32. Kh2 Qf4+ 33. Kh1 Rxb8 34. Qxb8+ Kh7 35. Qb3 Qc1+ 36. Kh2 Qf4+ 37. Kg1 Kh6 38. Ba6 Qe3+ 39. Kf1 Kg5 40. Qa3 Kf4 41. Qe7 Qc1+ 42. Kf2 Qe3+ 43. Kf1 Qc1+ 1/2-1/2

[Event "1.FrauenBL 2018-19"]
[Site "Berlin"]
[Date "2019.03.01"]
[Round "9.3"]
[White "Obolentseva, Alexandra"]
[Black "Kushka, Alena"]
[Result "1-0"]
[ECO "A65"]
[WhiteElo "2324"]
[BlackElo "2158"]
[Annotator "NA"]
[PlyCount "77"]
[EventDate "2018.10.27"]
[EventType "team-tourn"]
[EventCountry "GER"]
[SourceTitle "playchess.com"]
[Source "ChessBase"]
[SourceQuality "1"]
[WhiteTeam "Bad Koenigshofen"]
[BlackTeam "Hofheim"]
[TimeControl "40/5400+30:1800+30"]

1. d4 Nf6 2. c4 c5 3. d5 g6 4. Nc3 Bg7 5. e4 d6 6. Nge2 O-O 7. Ng3 e6 8. Be2 exd5 9. cxd5 Na6 10. O-O Nc7 11. a4 b6 12. Re1 Ba6 13. Bxa6 Nxa6 14. f4 Nb4 15. Be3 h5 16. h3 Re8 17. Bf2 a6 18. Qd2 h4 19. Nh1 Nh5 20. Rad1 Ra7 21. g4 hxg3 22. Nxg3 Qh4 23. Nxh5 Qxh5 24. Kg2 Rae7 25. Ne2 Qh8 26. Ng3 Bxb2 27. e5 Bxe5 28. fxe5 Rxe5 29. Rxe5 Rxe5 30. Bd4 cxd4 31. Qxb4 Rxd5 32. Qxb6 Qh4 33. Qxa6 Rg5 34. Qd3 f5 35. Kh2 d5 36. Qf3 Kh7 37. a5 d3 38. Rxd3 Qa4 39. Rxd5 1-0

[Event "1.FrauenBL 2018-19"]
[Site "Berlin"]
[Date "2019.03.01"]
[Round "9.3"]
[White "Kachiani-Gersinska, Ketino"]
[Black "Schmidt, Jessica"]
[Result "1/2-1/2"]
[ECO "A36"]
[WhiteElo "2304"]
[BlackElo "2240"]
[Annotator "NA"]
[PlyCount "132"]
[EventDate "2018.10.27"]
[EventType "team-tourn"]
[EventCountry "GER"]
[SourceTitle "playchess.com"]
[Source "ChessBase"]
[SourceQuality "1"]
[WhiteTeam "OSG Baden-Baden"]
[BlackTeam "Karlsruher SF"]
[TimeControl "40/5400+30:1800+30"]

1. c4 e5 2. g3 c5 3. Bg2 Nc6 4. Nc3 Nf6 5. d3 d6 6. Bg5 Be7 7. Bxf6 Bxf6 8. e3 O-O 9. Nge2 Be6 10. Nd5 Bxd5 11. Bxd5 Qd7 12. Nc3 Bd8 13. O-O Ba5 14. Ne2 Rab8 15. Qa4 Qc7 16. a3 a6 17. Qc2 Ne7 18. Bg2 b5 19. b3 h6 20. Rfc1 Qd7 21. Rab1 Rfc8 22. Qd1 Nc6 23. h3 Rc7 24. g4 Rcc8 25. Ng3 Bd8 26. Qf3 Ne7 27. b4 Qe6 28. Qe2 cxb4 29. axb4 a5 30. bxa5 Bxa5 31. cxb5 Rxc1+ 32. Rxc1 Rxb5 33. d4 Rb8 34. Qa6 Bd2 35. Rc2 Be1 36. dxe5 dxe5 37. Qxe6 fxe6 38. Kf1 Bb4 39. Rc7 Rd8 40. Be4 Kf8 41. Rb7 Bd6 42. Bc2 Nd5 43. Bb3 Be7 44. Nh5 g6 45. Ng3 Kf7 46. Ne4 Kf8 47. Kg2 Rc8 48. Kg3 Rd8 49. h4 Rc8 50. g5 hxg5 51. Nxg5 Bxg5 52. hxg5 Rc1 53. Kg2 Rc5 54. Kf3 Ra5 55. Bc2 Ne7 56. Rc7 e4+ 57. Kxe4 Rxg5 58. Bb3 Kf7 59. Rb7 Rc5 60. f4 Kf6 61. Rb6 Rc6 62. Rb5 Nf5 63. Kd3 Rd6+ 64. Ke2 Rc6 65. Kd3 Rd6+ 66. Ke2 Rc6 1/2-1/2

[Event "1.FrauenBL 2018-19"]
[Site "Berlin"]
[Date "2019.03.01"]
[Round "9.3"]
[White "Stangl, Anita"]
[Black "Korenova, Martina"]
[Result "1-0"]
[ECO "B07"]
[WhiteElo "2008"]
[BlackElo "2172"]
[Annotator "NA"]
[PlyCount "77"]
[EventDate "2018.10.27"]
[EventType "team-tourn"]
[EventCountry "GER"]
[SourceTitle "playchess.com"]
[Source "ChessBase"]
[SourceQuality "1"]
[WhiteTeam "FC Bayern Muenchen"]
[BlackTeam "Rodewischer SM"]
[TimeControl "40/5400+30:1800+30"]

1. e4 g6 2. d4 Bg7 3. Nc3 d6 4. Be3 Nf6 5. f3 O-O 6. Qd2 e5 7. Nge2 c6 8. O-O-O Qa5 9. g4 b5 10. a3 Na6 11. h4 b4 12. Nb1 h5 13. gxh5 Nxh5 14. Rg1 Rb8 15. Ng3 Nf4 16. h5 Bh6 17. hxg6 fxg6 18. Nh5 Kh7 19. Nxf4 exf4 20. Bf2 Qb6 21. d5 c5 22. a4 Bd7 23. b3 Nc7 24. Bc4 Ne8 25. Bh4 Ng7 26. Qh2 Nh5 27. Rg2 Be8 28. Rdg1 Qc7 29. Bd3 Ng3 30. Bg5 Qg7 31. Qh4 Bd7 32. Rh2 Nh5 33. Be7 Rf6 34. Bxf6 Qxf6 35. Qxf6 Nxf6 36. e5 Ng8 37. Rgh1 Bc8 38. Rh5 Ra8 39. Z0 {Qd2+ [%clk ]} 1-0

[Event "1.FrauenBL 2018-19"]
[Site "Berlin"]
[Date "2019.03.01"]
[Round "9.4"]
[White "Hoolt, Sarah"]
[Black "Antolak, Julia"]
[Result "0-1"]
[ECO "B20"]
[WhiteElo "2324"]
[BlackElo "2207"]
[Annotator "NA"]
[PlyCount "112"]
[EventDate "2018.10.27"]
[EventType "team-tourn"]
[EventCountry "GER"]
[SourceTitle "playchess.com"]
[Source "ChessBase"]
[SourceQuality "1"]
[WhiteTeam "Hamburger SK"]
[BlackTeam "TuRa Harksheide"]
[TimeControl "40/5400+30:1800+30"]

1. e4 c5 2. d3 Nc6 3. g3 g6 4. Bg2 Bg7 5. f4 d6 6. Nf3 e6 7. c3 Nge7 8. O-O O-O 9. Be3 f5 10. Nbd2 b6 11. Re1 Qd7 12. Qb3 h6 13. d4 fxe4 14. Nxe4 d5 15. Nf2 Nf5 16. Qd1 Ba6 17. Qd2 cxd4 18. Bxd4 Ncxd4 19. Nxd4 Bxd4 20. cxd4 Rac8 21. g4 Nh4 22. Bh1 Rf6 23. Re5 Rcf8 24. Nh3 g5 25. f5 exf5 26. Nxg5 fxg4 27. Bg2 Nxg2 28. Kxg2 Rf2+ 29. Qxf2 Rxf2+ 30. Kxf2 hxg5 31. Rxg5+ Kh7 32. Kg3 Be2 33. Rc1 Qf7 34. Rc3 Qf1 35. Rxd5 Qg1+ 36. Kf4 Qxh2+ 37. Ke3 Bf3 38. Rd7+ Kg6 39. Rcc7 Qe2+ 40. Kf4 Qe4+ 41. Kg3 Qe1+ 42. Kf4 Qd2+ 43. Kg3 Qg2+ 44. Kf4 Qh2+ 45. Ke3 Bd5 46. Rxa7 Qg3+ 47. Kd2 Qf4+ 48. Kc2 Qe4+ 49. Kc1 Qe3+ 50. Kc2 Be4+ 51. Kd1 g3 52. Rg7+ Kh6 53. Rg8 Qxd4+ 54. Ke1 Qf2+ 55. Kd1 Bf3+ 56. Kc1 Qc5+ 0-1

[Event "1.FrauenBL 2018-19"]
[Site "Berlin"]
[Date "2019.03.01"]
[Round "9.4"]
[White "Heinatz, Gundula"]
[Black "Arakhamia-Grant, Ketevan"]
[Result "1/2-1/2"]
[ECO "D79"]
[WhiteElo "2174"]
[BlackElo "2359"]
[Annotator "NA"]
[PlyCount "104"]
[EventDate "2018.10.27"]
[EventType "team-tourn"]
[EventCountry "GER"]
[SourceTitle "playchess.com"]
[Source "ChessBase"]
[SourceQuality "1"]
[WhiteTeam "Karlsruher SF"]
[BlackTeam "OSG Baden-Baden"]
[TimeControl "40/5400+30:1800+30"]

1. d4 d5 2. Nf3 Nf6 3. g3 g6 4. Bg2 Bg7 5. O-O O-O 6. c4 c6 7. cxd5 cxd5 8. Nc3 e6 9. Bf4 Nc6 10. Ne5 Nh5 11. Nxc6 bxc6 12. Be3 Rb8 13. Na4 Qa5 14. a3 c5 15. Nxc5 Rxb2 16. Qd3 Rd8 17. Rfb1 Rxb1+ 18. Rxb1 e5 19. Bd2 Qc7 20. Qb5 Qe7 21. Ba5 Rf8 22. dxe5 Qxe5 23. Nd3 Qxe2 24. Re1 Qg4 25. Bb4 Bd7 26. Qxd5 Be6 27. Qa5 Rc8 28. Qxa7 h6 29. Qb7 Rc2 30. Qe4 Nf6 31. Qa8+ Kh7 32. Qa4 Ra2 33. Qc6 Qd4 34. Qc3 Ng4 35. Qxd4 Bxd4 36. Bc5 Bxc5 37. Nxc5 Bc4 38. Ne4 Bd3 39. h3 Bxe4 40. Rxe4 Nxf2 41. Rf4 Nd3 42. Rxf7+ Kh8 43. Rf8+ Kg7 44. Rf7+ Kh8 45. Ra7 Nc5 46. Bc6 g5 47. a4 h5 48. a5 Ra3 49. Kg2 Ra2+ 50. Kf3 Ra3+ 51. Kg2 Ra2+ 52. Kf3 Ra3+ 1/2-1/2

[Event "1.FrauenBL 2018-19"]
[Site "Berlin"]
[Date "2019.03.01"]
[Round "9.4"]
[White "Kubikova, Hana"]
[Black "Spiel, Marianne"]
[Result "1-0"]
[ECO "D46"]
[WhiteElo "2058"]
[BlackElo "1901"]
[Annotator "NA"]
[PlyCount "57"]
[EventDate "2018.10.27"]
[EventType "team-tourn"]
[EventCountry "GER"]
[SourceTitle "playchess.com"]
[Source "ChessBase"]
[SourceQuality "1"]
[WhiteTeam "Rodewischer SM"]
[BlackTeam "FC Bayern Muenchen"]
[TimeControl "40/5400+30:1800+30"]

1. d4 Nf6 2. Nf3 d5 3. c4 e6 4. Nc3 c6 5. e3 Bd6 6. Bd3 O-O 7. O-O Nbd7 8. Re1 e5 9. cxd5 cxd5 10. e4 dxe4 11. Nxe4 Nxe4 12. Rxe4 f5 13. Rh4 Be7 14. Bc4+ Kh8 15. Rh3 f4 16. Nxe5 Qe8 17. Qd3 Nf6 18. Bb5 Qd8 19. Ng6+ Kg8 20. Bc4+ Rf7 21. Ne5 Bxh3 22. Nxf7 Qa5 23. Bd2 Qb6 24. Ng5+ Kf8 25. Nxh3 Rd8 26. Nxf4 Ke8 27. Bb5+ Kf8 28. Qb3 Rd6 29. Rc1 1-0

[Event "1.FrauenBL 2018-19"]
[Site "Berlin"]
[Date "2019.03.01"]
[Round "9.4"]
[White "Froehlich-Dill, Astrid"]
[Black "Schoene, Maria"]
[Result "1-0"]
[ECO "E94"]
[WhiteElo "1780"]
[BlackElo "2168"]
[Annotator "NA"]
[PlyCount "133"]
[EventDate "2018.10.27"]
[EventType "team-tourn"]
[EventCountry "GER"]
[SourceTitle "playchess.com"]
[Source "ChessBase"]
[SourceQuality "1"]
[WhiteTeam "Hofheim"]
[BlackTeam "Bad Koenigshofen"]
[TimeControl "40/5400+30:1800+30"]

1. d4 Nf6 2. c4 g6 3. Nc3 Bg7 4. e4 d6 5. Nf3 O-O 6. Be2 e5 7. dxe5 dxe5 8. Be3 Nbd7 9. h3 c6 10. O-O Qc7 11. Qc2 Re8 12. c5 Nf8 13. Rfd1 Ne6 14. Rd2 Bf8 15. Na4 Bd7 16. Rad1 Rad8 17. b4 Bc8 18. Nb2 Rxd2 19. Rxd2 b5 20. cxb6 axb6 21. a3 Bb7 22. Nc4 c5 23. Ncxe5 Bxe4 24. Qb3 Bd6 25. Nc4 Bf4 26. bxc5 bxc5 27. Qb6 Nd5 28. Qxc7 Bxc7 29. Bh6 Nef4 30. Ne3 Nc3 31. Bf1 Nxh3+ 32. gxh3 Bxf3 33. Rc2 Ne4 34. Ng4 Bxg4 35. hxg4 Be5 36. Bb5 Rb8 37. a4 Bd4 38. Kg2 Nd6 39. Bf4 Rb6 40. Bxd6 Rxd6 41. a5 Rd8 42. a6 Ra8 43. Bc4 Kf8 44. Re2 Bf6 45. Ra2 Ra7 46. Bd5 Ke7 47. Bb7 Kd6 48. Rd2+ Bd4 49. f4 h6 50. Kf3 f5 51. gxf5 gxf5 52. Rh2 c4 53. Rxh6+ Kc5 54. Ke2 Kb4 55. Rd6 Bg7 56. Rd5 Kc3 57. Rxf5 Kc2 58. Rf7 Bd4 59. f5 Kb2 60. Rd7 Be5 61. Rd5 Bg7 62. Rc5 c3 63. Kd3 Kb3 64. Rb5+ Ka3 65. Kc2 Ka4 66. Rb3 Ka5 67. Rxc3 1-0

[Event "1.FrauenBL 2018-19"]
[Site "Berlin"]
[Date "2019.03.01"]
[Round "9.5"]
[White "Paehtz, Elisabeth"]
[Black "Javakhishvili, Lela"]
[Result "1/2-1/2"]
[ECO "E05"]
[WhiteElo "2448"]
[BlackElo "2455"]
[Annotator "ChessBase"]
[PlyCount "49"]
[EventDate "2018.10.27"]
[EventType "team-tourn"]
[EventCountry "GER"]
[SourceTitle "playchess.com"]
[Source "ChessBase"]
[SourceQuality "1"]
[WhiteTeam "SF Deizisau"]
[BlackTeam "SK Schwaebisch Hall"]
[TimeControl "40/5400+30:1800+30"]

1. d4 Nf6 2. c4 e6 3. Nf3 d5 4. g3 Be7 5. Bg2 O-O 6. O-O dxc4 7. Qc2 a6 8. a4 Bd7 9. Qxc4 Bc6 10. Bg5 Bd5 11. Qc2 Be4 12. Qd1 c5 13. dxc5 Bxc5 14. Qxd8 Rxd8 15. Nbd2 Bc6 16. Nb3 Be7 17. Na5 h6 18. Bf4 Nd5 19. Bxb8 Raxb8 20. Nxc6 bxc6 21. Ne5 Rxb2 22. Nxc6 Rd7 23. Nxe7+ Rxe7 24. Bxd5 exd5 25. e3 1/2-1/2

[Event "1.FrauenBL 2018-19"]
[Site "Berlin"]
[Date "2019.03.01"]
[Round "9.5"]
[White "Belenkaya, Dina"]
[Black "Zahn, Nicol"]
[Result "1-0"]
[ECO "B54"]
[WhiteElo "2360"]
[BlackElo "1857"]
[Annotator "NA"]
[PlyCount "97"]
[EventDate "2018.10.27"]
[EventType "team-tourn"]
[EventCountry "GER"]
[SourceTitle "playchess.com"]
[Source "ChessBase"]
[SourceQuality "1"]
[WhiteTeam "Bad Koenigshofen"]
[BlackTeam "Hofheim"]
[TimeControl "40/5400+30:1800+30"]

1. e4 c5 2. Nf3 e6 3. c4 Nc6 4. Be2 d6 5. d4 cxd4 6. Nxd4 Nf6 7. Nc3 Be7 8. O-O O-O 9. Nc2 a6 10. Be3 Qc7 11. Qd2 Rd8 12. Rfd1 b6 13. f3 Bd7 14. Bf1 Be8 15. Rac1 Rab8 16. Ne1 Bf8 17. Kh1 h6 18. Qf2 Ne5 19. b3 Ned7 20. Nd3 Nc5 21. Nb2 a5 22. Nd3 Nfd7 23. Nb5 Qc6 24. Qg3 Kh8 25. Nf2 Nf6 26. Rd2 Rd7 27. Nd1 Rbd8 28. Ndc3 Kh7 29. Rcd1 Nh5 30. Qh4 g6 31. g4 Ng7 32. Qxh6+ Kg8 33. Qh3 f5 34. gxf5 exf5 35. Nd4 Qb7 36. Nd5 Rf7 37. Bg5 Rdd7 38. Nf4 fxe4 39. Nxg6 Rxf3 40. Qh8+ Kf7 41. Qxf8+ Kxg6 42. Nxf3 exf3 43. Rxd6+ Rxd6 44. Rxd6+ Kxg5 45. Qf6+ Kg4 46. h3+ Kg3 47. Qg5+ Kf2 48. Rd2+ Ke1 49. Qe3+ {[%emt 0:00:06] --- [%clk ] Qe4+ [%clk ]} 1-0

[Event "1.FrauenBL 2018-19"]
[Site "Berlin"]
[Date "2019.03.01"]
[Round "9.5"]
[White "Tammert, Iamze"]
[Black "Mader, Manuela"]
[Result "1/2-1/2"]
[ECO "A26"]
[WhiteElo "2284"]
[BlackElo "2156"]
[Annotator "NA"]
[PlyCount "114"]
[EventDate "2018.10.27"]
[EventType "team-tourn"]
[EventCountry "GER"]
[SourceTitle "playchess.com"]
[Source "ChessBase"]
[SourceQuality "1"]
[WhiteTeam "OSG Baden-Baden"]
[BlackTeam "Karlsruher SF"]
[TimeControl "40/5400+30:1800+30"]

1. c4 Nf6 2. Nc3 g6 3. g3 Bg7 4. Bg2 O-O 5. e4 d6 6. Nge2 Nc6 7. O-O e5 8. d3 a6 9. h3 Nd4 10. f4 Rb8 11. Nxd4 exd4 12. Ne2 c5 13. g4 h6 14. Qe1 b5 15. b3 bxc4 16. bxc4 Re8 17. Qf2 Qe7 18. Ng3 Bxg4 19. hxg4 Nxg4 20. Qf3 Qh4 21. Rd1 Nh2 22. Qf2 Ng4 23. Qe1 Qh2+ 24. Kf1 Bf6 25. Nh1 Ne3+ 26. Bxe3 dxe3 27. Qg3 Qxg3 28. Nxg3 Bxa1 29. Rxa1 Rb2 30. Re1 Rxa2 31. Rxe3 Rb8 32. Ne2 Rb1+ 33. Kf2 Rbb2 34. e5 dxe5 35. Rxe5 a5 36. Bf3 h5 37. Kg3 Rd2 38. Re3 a4 39. f5 a3 40. fxg6 fxg6 41. Nf4 Ra1 42. Bd5+ Kh7 43. Re7+ Kh6 44. Bg8 Rg1+ 45. Kf3 Rf1+ 46. Kg3 h4+ 47. Kg4 Rg1+ 48. Kf3 Rg3+ 49. Ke4 a2 50. Ra7 Kg5 51. Ne6+ Kg4 52. Nxc5 Rg1 53. Nb3 Rb2 54. c5 h3 55. Be6+ Kg3 56. Rxa2 Rxa2 57. Nd4 h2 1/2-1/2